 Dungeon Crawl Stone Soup version 0.19.5 (webtiles) character file.

133 QuCean the Chopper (level 5, -4/48 HPs)
             Began as a Hill Orc Chaos Knight on May 9, 2017.
             Killed by divine providence
             ... invoked by an orc priest
              (11 damage)
             ... on level 4 of the Dungeon.
             The game lasted 00:02:46 (409 turns).

QuCean the Chopper (Hill Orc Chaos Knight)           Turns: 409, Time: 00:02:47

Health: -4/48      AC:  5    Str: 16    XL:     5   Next: 16%
Magic:  0/5        EV: 11    Int: 12    God:    Xom [...*..]
Gold:   34         SH:  0    Dex: 10    Spells: 0 memorised, 4 levels left

rFire  . . .     SeeInvis .     a - +0 hand axe (chaos)
rCold  . . .     Gourm    .     b - +2 leather armour
rNeg   . . .     Faith    .     (no shield)
rPois  .         Spirit   +     (no helmet)
rElec  .         Reflect  .     (no cloak)
rCorr  .         Harm     .     (no gloves)
MR     .....                    (no boots)
Stlth  +.........               f - amulet of guardian spirit
                                (no ring)
                                h - ring of wizardry

@: no status effects
A: no striking features
a: Renounce Religion, Convert to Beogh


You were on level 4 of the Dungeon.
You worshipped Xom.
You were a favourite toy of Xom.
You were very full.

You visited 1 branch of the dungeon, and saw 4 of its levels.

You collected 34 gold pieces.

Inventory:

Hand Weapons
 a - a +0 hand axe of chaos (weapon)
Armour
 b - a +2 leather armour (worn)
Jewellery
 f - an amulet of guardian spirit (around neck)
 h - a ring of wizardry (left hand)
Scrolls
 e - a scroll of noise {unknown}
Potions
 c - a potion of degeneration {unknown}
 i - a potion of heal wounds {unknown}
Comestibles
 d - a chunk of flesh
 g - a meat ration


   Skills:
 + Level 5.0 Fighting
 + Level 5.8 Axes
 + Level 2.8 Armour
 + Level 0.8 Dodging
 + Level 0.6 Stealth


You had 4 spell levels left.
You didn't know any spells.

Dungeon Overview and Level Annotations

Branches:
Dungeon (4/15)
 Temple: D:4-7

Altars:


Message History

You see here a hound corpse.
You butcher the hound corpse.
d - a chunk of flesh You start resting.
An orc comes into view. It is wielding a war axe.
Unknown command.
An orc priest comes into view. It is wielding a club.
The orc shouts!
The orc priest shouts, "Join the one true god or die!" (press Y on the ability menu to convert to Beogh)
The orc priest shouts!
The orc priest invokes the aid of Beogh against you.
Beogh smites you!
* * * LOW HITPOINT WARNING * * *
An orc comes into view. It is wielding a flail.
Unknown command.
The orc priest calls down the wrath of Beogh upon you.
Beogh smites you!
You die...
Xom howls with laughter!

... .... #####
.... ####...#
..)..
+......##.....
#<............
#.............
#.............
##.@...##...>.
#.....## ....
#....).# ...
...##..o...#
.o
............#
.
............#
.....?..o...#
..........o.#
######?...###


You could see an orc priest and 2 orcs.

Vanquished Creatures
  The ghost of Peloso the Covered, an amateur MiFi (D:3)
  A hound (D:4)
  2 leopard geckos (D:1)
  An orc (D:4)
  A ball python (D:3)
  A bat (D:1)
  A giant cockroach (D:2)
  2 hobgoblins
  A frilled lizard (D:1)
  A rat (D:1)
12 creatures vanquished.

Notes
Turn   | Place    | Note
-------+----------+-------------------------------------------
     0 | D:1      | QuCean the Hill Orc Chaos Knight began the quest for the Orb.
     0 | D:1      | Reached XP level 1. HP: 19/19 MP: 1/1
    53 | D:1      | Reached XP level 2. HP: 20/27 MP: 2/2
   148 | D:2      | XOM: divination: magic mapping
   229 | D:3      | Noticed Peloso's ghost (amateur MiFi)
   229 | D:3      | XOM: potion effect (might)
   235 | D:3      | XOM: potion effect (heal wounds)
   239 | D:3      | Killed Peloso's ghost
   239 | D:3      | Reached skill level 5 in Axes
   239 | D:3      | Reached XP level 3. HP: 20/35 MP: 3/3
   239 | D:3      | Reached XP level 4. HP: 24/41 MP: 4/4
   364 | D:4      | Reached skill level 5 in Fighting
   364 | D:4      | Reached XP level 5. HP: 11/48 MP: 1/5
   409 | D:4      | Killed from afar by an orc priest

Skill      XL: |  1  2  3  4 |
---------------+-------------+-----
Fighting       | 4 5 |  5.0
Axes           | 5 |  5.8
Armour         | |  2.8
Dodging        | |  0.8
Stealth        | |  0.6

Action                   |  1- 3 |  4- 6 || total
-------------------------+-------+-------++-------
Melee: Hand axe          |    26 |    16 ||    42
  Use: Scroll            |     1 |       ||     1
 Stab: Confused          |     1 |       ||     1
       Sleeping          |     1 |       ||     1
  Eat: Bread ration      |       |     1 ||     1
Armor: Leather armour    |     9 |     9 ||    18
Dodge: Dodged            |    13 |     5 ||    18
